AoeStats
← ogipochi_

Coastal Forest

503383358Analyzed
4v4 RM · 1mo ago on Aug 31, 2026· 167m 27s· 8 players
Game mode
Random Map
Map size
Large (8 player)
Population
200
Speed
Normal
Resources
Standard
Victory
Conquest
Starting age
Dark Age
Ending age
Imperial Age
RankedLock teamsTeams togetherTeam positionsShared explorationLock speedFull tech treeHidden civsTurbo modeCheats
Victory
Defeat
🇦🇺 Franks · Australia
812
+11
🇯🇵 Wei · Japan
809
+11
🇨🇱 Maya · Chile
795
+12
🇧🇷 Magyars · Brazil
774
+13
🇿🇦 Turks · South Africa
768
-15
🇨🇿 Huns · Czechia
740
-13
🇩🇪 Bohemians · Germany
711
-12
🇵🇹 Portuguese · Portugal
601
-8
tundragollum
5:09 Loom
11:39 Feudal Age
17:30 Castle Age
19:31 Wheelbarrow
22:01 Horse Collar
22:11 Double-Bit Axe
23:11 Pikeman
24:02 Scale Mail Armor
24:13 Forging
30:07 Bow Saw
30:03 Heavy Plow
34:14 Imperial Age
34:28 Halberdier
37:45 Chain Mail Armor
38:05 Iron Casting
41:02 Chemistry
43:59 Capped Ram
47:47 Two-Man Saw
47:54 Houfnice
115:01 Elite Hussite Wagon
127:31 Caravan
132:59 Plate Mail Armor
PrawnUnit4591
15:04 Feudal Age
15:41 Horse Collar
15:47 Double-Bit Axe
20:36 Castle Age
21:26 Heavy Plow
21:39 Bow Saw
22:17 Gold Mining
26:22 Imperial Age
25:54 Wheelbarrow
25:38 Stone Mining
26:23 Gold Shaft Mining
26:14 Heavy Plow
26:39 Bow Saw
28:55 Hand Cart
32:17 Fletching
32:27 Padded Archer Armor
32:33 Padded Archer Armor
37:22 Caravan
37:53 Coinage
38:19 Guilds
42:25 Fortified Wall
42:36 Ballistics
42:36 Bombard Tower
44:32 Man-at-Arms
44:58 Arson
45:14 Squires
44:39 Elite Janissary
47:50 Two-Man Saw
47:23 Banking
48:00 Heavy Scorpion
51:04 Long Swordsman
55:14 Two-Handed Swordsman
57:23 Sipahi
57:03 Artillery
57:23 Conscription
56:34 Sappers
57:39 Hoardings
57:18 Forging
57:08 Scale Mail Armor
57:13 Scale Barding Armor
57:24 Leather Archer Armor
57:04 Bodkin Arrow
57:24 Leather Archer Armor
57:04 Bodkin Arrow
56:57 Champion
59:52 Town Watch
59:54 Loom
64:34 Capped Ram
67:57 Siege Ram
80:16 Chain Barding Armor
80:31 Iron Casting
80:11 Chain Mail Armor
80:26 Ring Archer Armor
79:56 Bracer
80:04 Bracer
80:34 Ring Archer Armor
85:33 Heavy Cavalry Archer
85:33 Crossbowman
86:40 Parthian Tactics
86:20 Thumb Ring
86:51 Plate Mail Armor
86:56 Plate Barding Armor
87:21 Blast Furnace
86:36 Masonry
86:07 Treadmill Crane
86:17 Heated Shot
86:23 Murder Holes
90:55 Cavalier
90:55 Heavy Camel Rider
91:36 Husbandry
91:47 Bloodlines
100:14 Architecture
99:24 Treadmill Crane
99:35 Guard Tower
144:18 Town Patrol
ӄǟʋǟ
14:19 Feudal Age
13:54 Loom
14:55 Horse Collar
16:01 Double-Bit Axe
17:16 Town Watch
19:42 Wheelbarrow
27:58 Forging
27:39 Fletching
27:49 Scale Mail Armor
27:49 Padded Archer Armor
27:55 Scale Barding Armor
31:02 Castle Age
31:04 Bloodlines
32:36 Hand Cart
32:21 Town Patrol
33:13 Gold Mining
33:14 Stone Mining
33:44 Bow Saw
33:15 Light Cavalry
35:13 Caravan
35:44 Coinage
39:52 Stone Shaft Mining
39:32 Heavy Plow
43:16 Imperial Age
45:45 Iron Casting
45:06 Bodkin Arrow
45:26 Chain Mail Armor
45:27 Leather Archer Armor
45:33 Chain Barding Armor
45:49 Banking
45:29 Guilds
47:32 Blast Furnace
50:20 Crop Rotation
51:22 Two-Man Saw
51:31 Onager
54:27 Bracer
54:57 Ring Archer Armor
54:57 Plate Mail Armor
55:03 Plate Barding Armor
54:47 Masonry
54:17 Treadmill Crane
54:28 Heated Shot
54:58 Ballistics
61:10 Husbandry
60:31 Cavalier
62:09 Crossbowman
62:54 Thumb Ring
150:50 Elite Skirmisher
Hygieia
0:35 Loom
13:00 Feudal Age
15:06 Double-Bit Axe
17:44 Wheelbarrow
19:35 Scale Barding Armor
19:41 Forging
19:44 Bloodlines
20:11 Horse Collar
23:45 Castle Age
26:26 Hand Cart
26:57 Chain Barding Armor
27:13 Iron Casting
26:55 Husbandry
27:12 Gold Mining
29:53 Bow Saw
32:06 Stone Mining
32:52 Gold Shaft Mining
33:29 Ballistics
33:08 Murder Holes
33:23 Masonry
33:33 Masonry
38:53 Heavy Plow
39:49 Marauders
43:34 Imperial Age
44:59 Elite Tarkan
46:54 Blast Furnace
46:40 Plate Barding Armor
79:46 Pikeman
80:27 Squires
80:18 Arson
80:38 Scale Mail Armor
80:47 Halberdier
81:46 Chain Mail Armor
149:23 Elite Skirmisher
151:11 Padded Archer Armor
151:07 Fletching
152:10 Bodkin Arrow
154:14 Leather Archer Armor
155:52 Bracer
158:31 Chemistry
ogipochi_
8:59 Loom
11:04 Feudal Age
11:49 Double-Bit Axe
13:48 Wheelbarrow
12:59 Town Watch
13:43 Gold Mining
13:45 Stone Mining
13:44 Horse Collar
15:49 Fishing Lines
20:28 Castle Age
20:20 Forging
20:16 Scale Barding Armor
21:38 Hand Cart
21:38 Bow Saw
23:19 Bloodlines
23:10 Husbandry
23:49 Iron Casting
24:04 Stone Shaft Mining
25:49 Chain Barding Armor
26:57 Tuntian
29:25 Gillnets
30:14 Heavy Plow
33:54 Imperial Age
36:03 Blast Furnace
35:42 Gold Shaft Mining
35:25 Town Patrol
35:35 Heavy Hei Guang Cavalry
35:56 Elite Tiger Cavalry
37:00 Conscription
37:08 Ming Guang Armor
39:05 Caravan
passoswalli
13:23 Feudal Age
18:36 Castle Age
17:36 Double-Bit Axe
18:10 Horse Collar
20:00 Bow Saw
23:45 Heavy Plow
24:58 Caravan
27:47 Wheelbarrow
27:37 Corvinian Army
29:12 Ballistics
32:54 Imperial Age
31:19 Gold Mining
32:10 Scale Barding Armor
33:13 Chain Barding Armor
32:59 Cavalier
33:39 Husbandry
33:50 Bloodlines
34:17 Hand Cart
34:55 Plate Barding Armor
35:31 Paladin
38:04 Chemistry
37:10 Town Watch
37:11 Loom
38:27 Coinage
38:55 Gold Shaft Mining
39:39 Banking
55:18 Fletching
58:02 Thumb Ring
59:33 Bodkin Arrow
59:39 Heavy Cavalry Archer
60:45 Parthian Tactics
60:57 Light Cavalry
62:14 Bracer
76:47 Padded Archer Armor
81:32 Leather Archer Armor
93:58 Ring Archer Armor
99:16 Recurve Bow
107:52 Heavy Scorpion
127:16 Onager
129:22 Capped Ram
135:59 Town Patrol
149:36 Two-Man Saw
Pro
11:43 Feudal Age
12:39 Double-Bit Axe
19:57 Castle Age
21:44 Wheelbarrow
21:23 Bow Saw
22:35 Stone Mining
23:10 Hand Cart
23:36 Gold Mining
26:01 Gold Shaft Mining
26:39 Caravan
30:55 Imperial Age
28:11 Town Watch
32:42 Scale Barding Armor
32:02 Cavalier
32:43 Husbandry
35:35 Chivalry
35:56 Conscription
36:04 Chain Barding Armor
35:56 Forging
35:16 Paladin
38:01 Plate Barding Armor
39:34 Town Patrol
42:18 Chemistry
41:39 Ballistics
73:42 Light Cavalry
76:38 #83
tin_cup_041
0:27 Loom
13:31 Feudal Age
15:47 Wheelbarrow
15:04 Fishing Lines
17:32 Double-Bit Axe
21:57 Castle Age
20:20 Gold Mining
21:18 Stone Mining
24:48 Town Watch
26:36 Scale Mail Armor
29:51 Padded Archer Armor
32:11 Leather Archer Armor
31:49 Fletching
32:05 Treadmill Crane
32:47 Ballistics
33:25 Bodkin Arrow
34:44 Bow Saw
35:29 Eagle Warrior
36:13 Horse Collar
39:54 Heavy Plow
40:57 Hand Cart
40:33 Pikeman
41:13 Squires
41:35 Murder Holes
42:27 Hand Cart
42:28 Masonry
45:27 Imperial Age
43:32 Fervor
44:35 Caravan
45:05 Forging
45:10 Fortified Wall
45:51 Chain Mail Armor
46:35 Conscription
47:20 Chemistry
46:52 Architecture
46:25 Hul'che Javelineers
46:59 Ring Archer Armor
46:31 Bracer
47:56 Two-Man Saw
47:45 Hoardings
47:05 Halberdier
47:31 Arson
48:40 Iron Casting
48:39 Plate Mail Armor
47:34 Elite Plumed Archer
50:52 Blast Furnace
50:25 Crop Rotation
51:54 Guilds
54:24 Clinker Construction
54:35 Shipwright
54:27 Careening
54:19 Sappers
56:59 Elite Eagle Warrior
58:11 Holcans
60:28 Thumb Ring
59:43 Elite Skirmisher
61:06 Holcans
65:42 Town Patrol
71:08 Gillnets
86:43 Capped Ram
86:53 Onager
87:34 Onager
87:35 Siege Ram
Connection lost

Rejoining the realm…

Still unreachable

The connection could not be restored.

Session expired

The server has moved on; the page needs a fresh start.